Rangers vs Panthers

Created - Thursday, January 14, 2016 at 02:01

Goals
1 2 3 T
Rangers 2 2 1 5
Panthers 2 1 1 4
Shots
1 2 3 T
Rangers 6 14 5 25
Panthers 11 10 11 32

1st period

1. Panthers , Ryan Johansen 13 (Curtis Lazar, Kevin Poulin) at 2:56
2. Rangers , Kevin Shattenkirk 8 (Keith Yandle, Jordan Staal) at 3:49 (SH)
3. Panthers , Charlie Coyle 7 (Brad Boyes) at 5:03 (PP)
4. Rangers , Zach Parise 24 (Logan Couture, Nikita Nikitin) at 17:12 (PP)

Penalties :
Kevin Shattenkirk (NYR) for High sticking (Minor) at 0:17, David Moss (NYR) for High sticking (Minor) at 3:05, Simon Despres (Fla) for Hooking (Minor) at 10:37, Alex Galchenyuk (Fla) for Tripping (Minor) at 15:14

2nd period

5. Panthers , Nino Niederreiter 14 (Ryan Johansen) at 1:54 (PP)
6. Rangers , Kyle Palmieri 5 (Matt Martin) at 8:08
7. Rangers , Keith Yandle 6 (Zach Parise, Logan Couture) at 12:52 (PP)

Penalties :
Nick Spaling (NYR) for Hooking (Minor) at 1:40, Robert Bortuzzo (Fla) for Holding (Minor) at 8:50, Robert Bortuzzo (Fla) for Charging (Minor) at 11:59

3rd period

8. Panthers , Ryan Johansen 14 (Calvin de Haan, Carlo Colaiacovo) at 4:05
9. Rangers , Kevin Shattenkirk 9 (Keith Yandle, Jordan Staal) at 7:49 (PP)

Penalties :
Kevin Shattenkirk (NYR) for Tripping (Minor) at 0:35, Kevin Hayes (Fla) for Interference (Minor) at 7:45, Keith Yandle (NYR) for Roughing (Minor) at 14:57, Matt Martin (NYR) for Roughing (Minor) at 18:12

Goalie Stats

Roberto Luongo (NYR), 28 saves from 32 shots - (0.875), W, 19-12-1, 60:00 minutes
Kevin Poulin (Fla), 20 saves from 25 shots - (0.800), L, 4-25-0, 59:55 minutes

Players Stats for Rangers

Player Name              G  A  P  +/- PIM S  H  SB GA TA FO     MP     PP MP  PK MP  
------------------------------------------------------------------------------------
Brandon Manning          0  0  0   0  0   0  1  2  0  0  0/0    21:55   3:25   3:13 
Brent Regner             0  0  0  -1  0   0  0  1  0  0  0/0    15:15   0:00   4:07 
Chris Terry              0  0  0   0  0   0  0  0  0  0  0/0     6:56   0:00   0:38 
David Moss               0  0  0   0  2   0  2  0  1  0  0/0    16:01   3:27   0:00 
Jamie McBain             0  0  0   0  0   0  0  0  0  0  0/0    10:42   0:00   0:00 
Jay McClement            0  0  0  -1  0   2  0  0  0  0  0/5    13:09   0:00   0:00 
Jordan Staal             0  2  2   1  0   0  4  0  3  0  7/9    19:44   3:27   2:49 
Keith Yandle             1  2  3   0  2   4  0  0  1  1  0/0    26:33   3:28   5:43 
Kevin Shattenkirk        2  0  2   1  4   3  3  2  1  2  0/0    25:12   3:28   3:36 
Kyle Palmieri            1  0  1  -1  0   3  2  0  1  0  0/4    14:45   0:00   1:36 
Logan Couture            0  2  2   0  0   6  2  0  3  0  8/15   20:10   3:26   6:29 
Matt Martin              0  1  1  -1  2   0  2  0  0  0  0/0    13:08   0:00   0:00 
Nathan Gerbe             0  0  0   1  0   0  2  0  1  1  0/1    16:39   3:26   2:49 
Nick Spaling             0  0  0   0  2   1  2  0  0  3  2/2    16:01   3:27   0:00 
Nikita Nikitin           0  1  1   0  0   0  0  1  1  2  0/0    21:55   3:25   3:13 
Tanner Glass             0  0  0   0  0   1  0  0  0  1  0/0     6:18   0:00   0:00 
Tye McGinn               0  0  0   0  0   0  0  0  0  0  0/0     0:40   0:00   0:00 
Zach Parise              1  1  2   0  0   5  1  0  3  0  6/14   24:50   3:26   5:31 

Players Stats for Panthers

Player Name              G  A  P  +/- PIM S  H  SB GA TA FO     MP     PP MP  PK MP  
------------------------------------------------------------------------------------
Adam Larsson             0  0  0   1  0   0  0  1  0  0  0/0     1:44   0:00   0:00 
Alex Galchenyuk          0  0  0   0  2   4  1  0  0  0  0/0    11:50   0:00   0:00 
Brad Boyes               0  1  1  -1  0   3  1  0  1  0  1/2    19:14   5:23   0:35 
Calvin de Haan           0  1  1   1  0   4  0  2  0  1  0/0    12:08   0:00   0:00 
Carlo Colaiacovo         0  1  1   1  0   0  3  1  0  0  0/0    23:55   3:49   3:32 
Charlie Coyle            1  0  1  -1  0   2  5  1  5  2  8/15   19:18   5:23   1:38 
Curtis Lazar             0  1  1   2  0   0  0  0  0  0  0/0     7:21   0:00   0:00 
Jakob Silfverberg        0  0  0   0  0   1  0  0  0  0  0/0    12:02   0:00   0:00 
Jesper Fast              0  0  0  -1  0   1  1  0  0  0  0/1    10:10   0:00   0:00 
Kevin Hayes              0  0  0  -1  2   2  2  1  2  0  7/14   20:18   4:33   4:40 
Lubomir Visnovsky        0  0  0   0  0   0  0  1  0  0  0/0     3:31   0:00   0:28 
Nino Niederreiter        1  0  1   0  0   1  0  1  0  1  0/2    19:08   4:33   1:38 
Paul Byron               0  0  0  -2  0   3  0  0  2  4  0/0    21:02   5:23   4:44 
Robert Bortuzzo          0  0  0   0  4   1  3  2  0  1  0/0    26:02   6:07   2:53 
Ron Hainsey              0  0  0  -2  0   2  1  2  0  0  0/0    29:00   6:07   5:31 
Ryan Johansen            2  1  3   2  0   8  0  1  3  1  11/16  22:40   4:06   0:00 
Sean Bergenheim          0  0  0   2  0   0  1  0  0  1  0/0     8:54   0:27   0:31 
Simon Despres            0  0  0  -1  2   0  2  0  1  1  0/0    24:40   3:49   1:22 

3 Stars

1 - Ryan Johansen (Fla)
2 - Kevin Shattenkirk (NYR)
3 - Jordan Staal (NYR)

Power Play

Rangers - 3 on 5 Attempt(s) - 60.00%
Panthers - 2 on 6 Attempt(s) - 33.33%

Penalty Kill

Rangers - 4 on 6 Attempt(s) - 66.67% - Score 1 goal in Penalty Kill
Panthers - 2 on 5 Attempt(s) - 40.00% - Score 0 goal in Penalty Kill

Team Stat

Rangers - Hits : 21 - Faceoff Wins : 23 - Blocked Shots : 6 - Penalty Minutes : 12
Panthers - Hits : 20 - Faceoff Wins : 27 - Blocked Shots : 13 - Penalty Minutes : 10

Official

Referees : Unknown
Linesman : Unknown

Game Notes

Adam Larsson is injured at 10:36 of 1st period (Sprained Right Knee)
16:48 of 3rd period - Panthers goal is going for a video replay. After video review, No Goal. The puck has entered the net after making contact with an attacking player’s stick that is above the height of the crossbar.

Finance

Level 1 -- Attendance: 6000 (100.00%) -- Ticket Income $510,000
Level 2 -- Attendance: 5000 (100.00%) -- Ticket Income $250,000
Level 3 -- Attendance: 2000 (100.00%) -- Ticket Income $60,000
Level 4 -- Attendance: 3956 (98.90%) -- Ticket Income $67,252
Luxury Box -- Attendance: 909 (90.90%) -- Ticket Income $159,075
Game was played at the BankAtlantic Center.
Total Attendance: 17865 (99.25%)
Total Ticket Income: $1,046,327
Other Income: $512,700
Total Income: $1,559,027

Rangers

5 vs 5 Forward 
   Center                   Left Wing                Right Wing               Time % Phy DF OF 
 1 Logan Couture            Zach Parise              Nathan Gerbe             35     1   2  2  
 2 Jordan Staal             Nick Spaling             David Moss               30     1   2  2  
 3 Jay McClement            Kyle Palmieri            Matt Martin              22     1   2  2  
 4 Zach Parise              Chris Terry              Tanner Glass             13     1   2  2  

5 vs 5 Defense 
   Defense                  Defense                                           Time % Phy DF OF 
 1 Kevin Shattenkirk        Keith Yandle                                      35     1   2  2  
 2 Nikita Nikitin           Brandon Manning                                   30     1   2  2  
 3 Jamie McBain             Brent Regner                                      22     1   2  2  
 4 Kevin Shattenkirk        Keith Yandle                                      13     1   2  2  

PowerPlay Forward 
   Center                   Left Wing                Right Wing               Time % Phy DF OF 
 1 Logan Couture            Zach Parise              Nathan Gerbe             60     1   2  2  
 2 Jordan Staal             Nick Spaling             David Moss               40     1   2  2  

PowerPlay Defense
   Defense                  Defense                                           Time % Phy DF OF 
 1 Kevin Shattenkirk        Keith Yandle                                      60     1   2  2  
 2 Nikita Nikitin           Brandon Manning                                   40     1   2  2  

Penalty Kill 4 Players Forward 
   Center                   Wing                     Time % Phy DF OF 
 1 Zach Parise              Logan Couture            60     1   2  2  
 2 Jordan Staal             Nathan Gerbe             40     1   2  2  

Penalty Kill 4 Players Defense
   Defense                  Defense                  Time % Phy DF OF 
 1 Kevin Shattenkirk        Keith Yandle             60     1   2  2  
 2 Nikita Nikitin           Brandon Manning          40     1   2  2  

Penalty Kill - 3 Players Forward 
   Forward                                           Time % Phy DF OF 
 1 Zach Parise                                       60     1   2  2  
 2 Logan Couture                                     40     1   2  2  

Penalty Kill - 3 Players Defense
   Defense                  Defense                  Time % Phy DF OF 
 1 Kevin Shattenkirk        Keith Yandle             60     1   2  2  
 2 Nikita Nikitin           Brandon Manning          40     1   2  2  

4 vs 4 Forward 
   Center                   Wing                     Time % Phy DF OF 
 1 Zach Parise              Logan Couture            60     1   2  2  
 2 Jordan Staal             Nathan Gerbe             40     1   2  2  

4 vs 4 Defense
   Defense                  Defense                  Time % Phy DF OF 
 1 Kevin Shattenkirk        Keith Yandle             60     1   2  2  
 2 Nikita Nikitin           Brandon Manning          40     1   2  2  

Last Minutes Offensive
   Center                   Left Wing                Right Wing               Defense                  Defense                  
   Logan Couture            Zach Parise              Nathan Gerbe             Kevin Shattenkirk        Keith Yandle             

Last Minutes Defensive
   Center                   Left Wing                Right Wing               Defense                  Defense                  
   Logan Couture            Zach Parise              Nathan Gerbe             Kevin Shattenkirk        Keith Yandle             

Goaltenders
Starting : Roberto Luongo           
Backup : Calvin Pickard           

Extra Forwards
Normal : Tye McGinn, Jay McClement, Kyle Palmieri - PP : Tye McGinn, Jay McClement - PK : Kyle Palmieri
Extra Defensemen
Normal : Jamie McBain, Brent Regner, Nikita Nikitin - PP : Jamie McBain - PK : Brent Regner, Nikita Nikitin
Penalty Shots
Zach Parise, Logan Couture, Jordan Staal, Nathan Gerbe, Nick Spaling

Panthers

5 vs 5 Forward 
   Center                   Left Wing                Right Wing               Time % Phy DF OF 
 1 Ryan Johansen            Alex Galchenyuk          Nino Niederreiter        35     1   2  2  
 2 Charlie Coyle            Jakob Silfverberg        Brad Boyes               30     1   2  2  
 3 Kevin Hayes              Paul Byron               Jesper Fast              22     1   2  2  
 4 Curtis Lazar             Sean Bergenheim          Ryan Johansen            13     1   2  2  

5 vs 5 Defense 
   Defense                  Defense                                           Time % Phy DF OF 
 1 Simon Despres            Ron Hainsey                                       35     1   2  2  
 2 Carlo Colaiacovo         Adam Larsson                                      30     1   2  2  
 3 Calvin de Haan           Robert Bortuzzo                                   22     1   2  2  
 4 Simon Despres            Ron Hainsey                                       13     1   2  2  

PowerPlay Forward 
   Center                   Left Wing                Right Wing               Time % Phy DF OF 
 1 Kevin Hayes              Ryan Johansen            Nino Niederreiter        60     1   2  2  
 2 Charlie Coyle            Paul Byron               Brad Boyes               40     1   2  2  

PowerPlay Defense
   Defense                  Defense                                           Time % Phy DF OF 
 1 Robert Bortuzzo          Ron Hainsey                                       60     1   2  2  
 2 Simon Despres            Carlo Colaiacovo                                  40     1   2  2  

Penalty Kill 4 Players Forward 
   Center                   Wing                     Time % Phy DF OF 
 1 Kevin Hayes              Paul Byron               60     1   2  2  
 2 Nino Niederreiter        Charlie Coyle            40     1   2  2  

Penalty Kill 4 Players Defense
   Defense                  Defense                  Time % Phy DF OF 
 1 Adam Larsson             Ron Hainsey              60     1   2  2  
 2 Simon Despres            Robert Bortuzzo          40     1   2  2  

Penalty Kill - 3 Players Forward 
   Forward                                           Time % Phy DF OF 
 1 Nino Niederreiter                                 60     1   2  2  
 2 Charlie Coyle                                     40     1   2  2  

Penalty Kill - 3 Players Defense
   Defense                  Defense                  Time % Phy DF OF 
 1 Calvin de Haan           Ron Hainsey              60     1   2  2  
 2 Simon Despres            Robert Bortuzzo          40     1   2  2  

4 vs 4 Forward 
   Center                   Wing                     Time % Phy DF OF 
 1 Paul Byron               Kevin Hayes              60     1   2  2  
 2 Nino Niederreiter        Charlie Coyle            40     1   2  2  

4 vs 4 Defense
   Defense                  Defense                  Time % Phy DF OF 
 1 Robert Bortuzzo          Ron Hainsey              60     1   2  2  
 2 Simon Despres            Adam Larsson             40     1   2  2  

Last Minutes Offensive
   Center                   Left Wing                Right Wing               Defense                  Defense                  
   Ryan Johansen            Alex Galchenyuk          Nino Niederreiter        Simon Despres            Ron Hainsey              

Last Minutes Defensive
   Center                   Left Wing                Right Wing               Defense                  Defense                  
   Ryan Johansen            Alex Galchenyuk          Nino Niederreiter        Simon Despres            Ron Hainsey              

Goaltenders
Starting : Kevin Poulin             
Backup : Robin Lehner             

Extra Forwards
Normal : Nino Niederreiter, Kevin Hayes, Paul Byron - PP : Nino Niederreiter, Kevin Hayes - PK : Paul Byron
Extra Defensemen
Normal : Simon Despres, Robert Bortuzzo, Ron Hainsey - PP : Ron Hainsey - PK : Robert Bortuzzo, Ron Hainsey
Penalty Shots
Kevin Hayes, Paul Byron, Nino Niederreiter, Charlie Coyle, Ryan Johansen

% Time on Ice - Rangers

Lines # - Real PCT - Wanted PCT - Time Play
Normal Forward
1 - 24% - 35% - 10:15
2 - 31% - 30% - 13:29
3 - 30% - 22% - 13:09
4 - 15% - 13% - 6:18
Normal Defense
1 - 36% - 35% - 15:35
2 - 35% - 30% - 15:17
3 - 21% - 22% - 9:05
4 - 7% - 13% - 3:14
PP Forward
1 - 50% - 60% - 3:26
2 - 50% - 40% - 3:27
PP Defense
1 - 50% - 60% - 3:28
2 - 50% - 40% - 3:25
PK Forward
1 - 72% - 60% - 7:07
2 - 28% - 40% - 2:49
PK Defense
1 - 68% - 60% - 6:43
2 - 32% - 40% - 3:13
PK3 Forward
1 - 0% - 60%
2 - 0% - 40%
PK3 Defense
1 - 0% - 60%
2 - 0% - 40%
44 Forward
1 - 0% - 60%
2 - 0% - 40%
44 Defense
1 - 0% - 60%
2 - 0% - 40%
Last Minute Offensive  - 0:00
Last Minute Defensive  - 0:00
Total
Forward - 60:00
Defense - 60:00

% Time on Ice - Panthers

Lines # - Real PCT - Wanted PCT - Time Play
Normal Forward
1 - 31% - 35% - 13:22
2 - 28% - 30% - 12:17
3 - 24% - 22% - 10:11
4 - 17% - 13% - 7:21
Normal Defense
1 - 31% - 35% - 13:31
2 - 38% - 30% - 16:35
3 - 28% - 22% - 12:08
4 - 2% - 13% - 0:57
PP Forward
1 - 46% - 60% - 4:33
2 - 54% - 40% - 5:23
PP Defense
1 - 62% - 60% - 6:07
2 - 38% - 40% - 3:49
PK Forward
1 - 76% - 60% - 5:15
2 - 24% - 40% - 1:38
PK Defense
1 - 80% - 60% - 5:31
2 - 20% - 40% - 1:22
PK3 Forward
1 - 0% - 60%
2 - 0% - 40%
PK3 Defense
1 - 0% - 60%
2 - 0% - 40%
44 Forward
1 - 0% - 60%
2 - 0% - 40%
44 Defense
1 - 0% - 60%
2 - 0% - 40%
Last Minute Offensive  - 0:00
Last Minute Defensive  - 0:00
Total
Forward - 60:00
Defense - 60:00

Play by Play

1st period


0:01 of 1st period - Ryan Johansen wins face-off versus Logan Couture in neutral zone.
0:12 of 1st period - Slapshot by Alex Galchenyuk.
0:12 of 1st period - Stopped by Roberto Luongo with a rebound.
0:17 of 1st period - Minor Penalty to Kevin Shattenkirk for High sticking.
0:18 of 1st period - Zach Parise wins face-off versus Kevin Hayes in Rangers zone.
0:38 of 1st period - Snap shot by Ryan Johansen.
0:38 of 1st period - Stopped by Roberto Luongo without a rebound.
0:39 of 1st period - Zach Parise wins face-off versus Charlie Coyle in Rangers zone.
1:41 of 1st period - Nathan Gerbe is hit by Kevin Hayes and loses puck.
1:46 of 1st period - Snap shot by Ryan Johansen.
1:46 of 1st period - Shot Misses the Net.
2:17 of 1st period - Penalty to Kevin Shattenkirk is over, Kevin Shattenkirk is back on ice.
2:17 of 1st period - Brad Boyes is hit by Kevin Shattenkirk and loses puck.
2:56 of 1st period - Wrist shot by Ryan Johansen.
2:56 of 1st period - Goal by Ryan Johansen - Rangers : 0 - Panthers : 1.
2:57 of 1st period - Kevin Hayes wins face-off versus Jordan Staal in neutral zone.
3:05 of 1st period - Minor Penalty to David Moss for High sticking.
3:06 of 1st period - Zach Parise wins face-off versus Charlie Coyle in Rangers zone.
3:24 of 1st period - Wrist shot by Brad Boyes.
3:24 of 1st period - Stopped by Roberto Luongo without a rebound.
3:25 of 1st period - Zach Parise wins face-off versus Charlie Coyle in Rangers zone.
3:40 of 1st period - Paul Byron is hit by Nathan Gerbe and loses puck.
3:49 of 1st period - Slapshot by Kevin Shattenkirk.
3:49 of 1st period - Goal by Kevin Shattenkirk - Rangers : 1 - Panthers : 1.
3:50 of 1st period - Ryan Johansen wins face-off versus Zach Parise in neutral zone.
4:01 of 1st period - Snap shot by Kevin Hayes.
4:01 of 1st period - Stopped by Roberto Luongo without a rebound.
4:02 of 1st period - Kevin Hayes wins face-off versus Zach Parise in Rangers zone.
4:25 of 1st period - Snap shot by Ryan Johansen.
4:25 of 1st period - Shot Blocked by Nikita Nikitin.
4:27 of 1st period - Slapshot by Kevin Hayes.
4:27 of 1st period - Stopped by Roberto Luongo without a rebound.
4:28 of 1st period - Charlie Coyle wins face-off versus Zach Parise in Rangers zone.
5:03 of 1st period - Slapshot by Charlie Coyle.
5:03 of 1st period - Goal by Charlie Coyle - Rangers : 1 - Panthers : 2.
5:04 of 1st period - Jordan Staal wins face-off versus Ryan Johansen in neutral zone.
5:58 of 1st period - Brandon Manning is hit by Simon Despres and loses puck.
7:42 of 1st period - Wrist shot by Logan Couture.
7:42 of 1st period - Shot Misses the Net.
8:24 of 1st period - Nino Niederreiter is hit by Nick Spaling and loses puck.
8:51 of 1st period - Slapshot by Jesper Fast.
8:51 of 1st period - Stopped by Roberto Luongo with a rebound.
8:53 of 1st period - Slapshot by Calvin de Haan.
8:53 of 1st period - Stopped by Roberto Luongo with a rebound.
8:55 of 1st period - Slapshot by Calvin de Haan.
8:55 of 1st period - Stopped by Roberto Luongo without a rebound.
8:56 of 1st period - Kevin Hayes wins face-off versus Zach Parise in Rangers zone.
9:23 of 1st period - Snap shot by Jamie McBain.
9:23 of 1st period - Shot Misses the Net.
10:11 of 1st period - Snap shot by Kyle Palmieri.
10:11 of 1st period - Stopped by Kevin Poulin with a rebound.
10:34 of 1st period - Snap shot by David Moss.
10:34 of 1st period - Shot Misses the Net.
10:36 of 1st period - Slapshot by Kevin Shattenkirk.
10:36 of 1st period - Shot Blocked by Adam Larsson.
10:36 of 1st period - Adam Larsson from Panthers is injured at 10:36 of 1st period (Sprained Right Knee).
10:37 of 1st period - Ryan Johansen wins face-off versus Logan Couture in Panthers zone.
10:37 of 1st period - Minor Penalty to Simon Despres for Hooking.
10:38 of 1st period - Logan Couture wins face-off versus Kevin Hayes in Panthers zone.
10:41 of 1st period - Snap shot by Logan Couture.
10:41 of 1st period - Shot Misses the Net.
10:43 of 1st period - Slapshot by Logan Couture.
10:43 of 1st period - Shot Blocked by Robert Bortuzzo.
12:37 of 1st period - Penalty to Simon Despres is over, Simon Despres is back on ice.
12:38 of 1st period - Paul Byron is hit by Kevin Shattenkirk and loses puck.
13:42 of 1st period - Wrist shot by Zach Parise.
13:42 of 1st period - Stopped by Kevin Poulin with a rebound.
13:44 of 1st period - Slapshot by Zach Parise.
13:44 of 1st period - Shot Blocked by Ryan Johansen.
13:46 of 1st period - Snap shot by Tanner Glass.
13:46 of 1st period - Stopped by Kevin Poulin with a rebound.
13:48 of 1st period - Snap shot by Jamie McBain.
13:48 of 1st period - Shot Blocked by Carlo Colaiacovo.
13:50 of 1st period - Slapshot by Brent Regner.
13:50 of 1st period - Shot Misses the Net.
14:13 of 1st period - Wrist shot by Zach Parise.
14:13 of 1st period - Stopped by Kevin Poulin without a rebound.
14:14 of 1st period - Logan Couture wins face-off versus Charlie Coyle in Panthers zone.
14:48 of 1st period - Jay McClement is hit by Charlie Coyle.
15:14 of 1st period - Minor Penalty to Alex Galchenyuk for Tripping.
15:15 of 1st period - Kevin Hayes wins face-off versus Nathan Gerbe in Panthers zone.
15:32 of 1st period - Paul Byron is hit by Logan Couture and loses puck.
16:22 of 1st period - Off-side.
16:23 of 1st period - Brad Boyes wins face-off versus Logan Couture in neutral zone.
17:12 of 1st period - Snap shot by Zach Parise.
17:12 of 1st period - Goal by Zach Parise - Rangers : 2 - Panthers : 2.
17:13 of 1st period - Ryan Johansen wins face-off versus Kyle Palmieri in neutral zone.
17:31 of 1st period - Wrist shot by Nino Niederreiter.
17:31 of 1st period - Deflect By Ryan Johansen.
17:31 of 1st period - Stopped by Roberto Luongo without a rebound.
17:32 of 1st period - Ryan Johansen wins face-off versus Jay McClement in Rangers zone.
17:57 of 1st period - Slapshot by Keith Yandle.
17:57 of 1st period - Shot Misses the Net.
18:05 of 1st period - Jay McClement is hit by Ron Hainsey and loses puck.
18:34 of 1st period - Snap shot by Jordan Staal.
18:34 of 1st period - Shot Blocked by Calvin de Haan.
18:36 of 1st period - Wrist shot by Nick Spaling.
18:36 of 1st period - Deflect By Jordan Staal.
18:36 of 1st period - Shot Blocked by Robert Bortuzzo.
18:36 of 1st period - Puck is out of play.
18:37 of 1st period - Jordan Staal wins face-off versus Jesper Fast in Panthers zone.
19:28 of 1st period - Calvin de Haan is hit by Logan Couture and loses puck.
19:41 of 1st period - Logan Couture is hit by Charlie Coyle and loses puck.
Goals for this period are 2 for Rangers vs 2 for Panthers.
Shots for this period are 6 for Rangers vs 11 for Panthers.

2nd period


0:01 of 2nd period - Ryan Johansen wins face-off versus Logan Couture in neutral zone.
0:10 of 2nd period - Snap shot by Ryan Johansen.
0:10 of 2nd period - Stopped by Roberto Luongo without a rebound.
0:11 of 2nd period - Logan Couture wins face-off versus Nino Niederreiter in Rangers zone.
0:26 of 2nd period - Slapshot by Ryan Johansen.
0:26 of 2nd period - Shot Misses the Net.
0:28 of 2nd period - Wrist shot by Alex Galchenyuk.
0:28 of 2nd period - Shot Misses the Net.
0:30 of 2nd period - Slapshot by Ron Hainsey.
0:30 of 2nd period - Stopped by Roberto Luongo with a rebound.
0:32 of 2nd period - Wrist shot by Ryan Johansen.
0:32 of 2nd period - Shot Hit the Post.
0:34 of 2nd period - Snap shot by Ryan Johansen.
0:34 of 2nd period - Shot Misses the Net.
0:44 of 2nd period - Snap shot by Logan Couture.
0:44 of 2nd period - Stopped by Kevin Poulin with a rebound.
0:56 of 2nd period - Wrist shot by Brad Boyes.
0:56 of 2nd period - Stopped by Roberto Luongo without a rebound.
0:57 of 2nd period - Nick Spaling wins face-off versus Charlie Coyle in Rangers zone.
1:07 of 2nd period - Icing by Nikita Nikitin.
1:08 of 2nd period - Jordan Staal wins face-off versus Charlie Coyle in Rangers zone.
1:40 of 2nd period - Minor Penalty to Nick Spaling for Hooking.
1:41 of 2nd period - Zach Parise wins face-off versus Kevin Hayes in Rangers zone.
1:54 of 2nd period - Wrist shot by Nino Niederreiter.
1:54 of 2nd period - Goal by Nino Niederreiter - Rangers : 2 - Panthers : 3.
1:55 of 2nd period - Logan Couture wins face-off versus Ryan Johansen in neutral zone.
2:02 of 2nd period - Wrist shot by Logan Couture.
2:02 of 2nd period - Stopped by Kevin Poulin with a rebound.
2:04 of 2nd period - Snap shot by Logan Couture.
2:04 of 2nd period - Stopped by Kevin Poulin without a rebound.
2:05 of 2nd period - Logan Couture wins face-off versus Ryan Johansen in Panthers zone.
2:18 of 2nd period - Wrist shot by Logan Couture.
2:18 of 2nd period - Shot Blocked by Ron Hainsey.
2:20 of 2nd period - Snap shot by Kevin Shattenkirk.
2:20 of 2nd period - Deflect By Logan Couture.
2:20 of 2nd period - Stopped by Kevin Poulin with a rebound.
2:22 of 2nd period - Slapshot by Kevin Shattenkirk.
2:22 of 2nd period - Deflect By Zach Parise.
2:22 of 2nd period - Stopped by Kevin Poulin with a rebound.
2:24 of 2nd period - Snap shot by Zach Parise.
2:24 of 2nd period - Shot Misses the Net.
2:26 of 2nd period - Wrist shot by Zach Parise.
2:26 of 2nd period - Shot Misses the Net.
2:58 of 2nd period - Jesper Fast is hit by Jordan Staal and loses puck.
3:44 of 2nd period - Jamie McBain is hit by Charlie Coyle and loses puck.
4:01 of 2nd period - Backhand shot by Matt Martin.
4:01 of 2nd period - Shot Misses the Net.
4:23 of 2nd period - Robert Bortuzzo is hit by Kyle Palmieri and loses puck.
4:36 of 2nd period - Snap shot by Ryan Johansen.
4:36 of 2nd period - Shot Misses the Net.
5:04 of 2nd period - Wrist shot by Zach Parise.
5:04 of 2nd period - Stopped by Kevin Poulin with a rebound.
5:10 of 2nd period - Brandon Manning is hit by Jesper Fast and loses puck.
6:10 of 2nd period - Jesper Fast is hit by Jordan Staal and loses puck.
6:31 of 2nd period - Alex Galchenyuk is hit by David Moss and loses puck.
7:20 of 2nd period - Icing by Brent Regner.
7:21 of 2nd period - Charlie Coyle wins face-off versus Jay McClement in Rangers zone.
7:26 of 2nd period - Slapshot by Jakob Silfverberg.
7:26 of 2nd period - Stopped by Roberto Luongo without a rebound.
7:27 of 2nd period - Charlie Coyle wins face-off versus Logan Couture in Rangers zone.
7:30 of 2nd period - Slapshot by Brad Boyes.
7:30 of 2nd period - Stopped by Roberto Luongo with a rebound.
7:32 of 2nd period - Slapshot by Ron Hainsey.
7:32 of 2nd period - Stopped by Roberto Luongo with a rebound.
8:08 of 2nd period - Snap shot by Kyle Palmieri.
8:08 of 2nd period - Goal by Kyle Palmieri - Rangers : 3 - Panthers : 3.
8:09 of 2nd period - Jordan Staal wins face-off versus Kevin Hayes in neutral zone.
8:14 of 2nd period - Jesper Fast is hit by Nick Spaling and loses puck.
8:50 of 2nd period - Minor Penalty to Robert Bortuzzo for Holding.
8:51 of 2nd period - Kevin Hayes wins face-off versus Logan Couture in Panthers zone.
9:24 of 2nd period - Nikita Nikitin is hit by Carlo Colaiacovo and loses puck.
10:28 of 2nd period - Snap shot by Paul Byron.
10:28 of 2nd period - Stopped by Roberto Luongo with a rebound.
10:36 of 2nd period - Kevin Hayes is hit by Jordan Staal and loses puck.
10:50 of 2nd period - Penalty to Robert Bortuzzo is over, Robert Bortuzzo is back on ice.
11:16 of 2nd period - Wrist shot by Kyle Palmieri.
11:16 of 2nd period - Shot Misses the Net.
11:18 of 2nd period - Snap shot by Jay McClement.
11:18 of 2nd period - Stopped by Kevin Poulin with a rebound.
11:20 of 2nd period - Wrist shot by Jay McClement.
11:20 of 2nd period - Stopped by Kevin Poulin with a rebound.
11:22 of 2nd period - Wrist shot by Matt Martin.
11:22 of 2nd period - Shot Blocked by Lubomir Visnovsky.
11:24 of 2nd period - Slapshot by Jay McClement.
11:24 of 2nd period - Deflect By Matt Martin.
11:24 of 2nd period - Shot Misses the Net.
11:24 of 2nd period - Puck is out of play.
11:25 of 2nd period - Ryan Johansen wins face-off versus Kyle Palmieri in Panthers zone.
11:42 of 2nd period - Snap shot by Keith Yandle.
11:42 of 2nd period - Stopped by Kevin Poulin without a rebound.
11:43 of 2nd period - Ryan Johansen wins face-off versus Jay McClement in Panthers zone.
11:59 of 2nd period - Minor Penalty to Robert Bortuzzo for Charging.
12:00 of 2nd period - Jordan Staal wins face-off versus Kevin Hayes in Panthers zone.
12:48 of 2nd period - Snap shot by Logan Couture.
12:48 of 2nd period - Stopped by Kevin Poulin without a rebound.
12:49 of 2nd period - Logan Couture wins face-off versus Nino Niederreiter in Panthers zone.
12:52 of 2nd period - Slapshot by Keith Yandle.
12:52 of 2nd period - Goal by Keith Yandle - Rangers : 4 - Panthers : 3.
12:53 of 2nd period - Logan Couture wins face-off versus Charlie Coyle in neutral zone.
13:10 of 2nd period - Slapshot by Logan Couture.
13:10 of 2nd period - Shot Blocked by Charlie Coyle.
13:12 of 2nd period - Snap shot by Logan Couture.
13:12 of 2nd period - Stopped by Kevin Poulin with a rebound.
13:14 of 2nd period - Wrist shot by Zach Parise.
13:14 of 2nd period - Shot Blocked by Calvin de Haan.
13:50 of 2nd period - Nino Niederreiter is hit by Kevin Shattenkirk and loses puck.
14:10 of 2nd period - Brandon Manning is hit by Alex Galchenyuk and loses puck.
14:32 of 2nd period - Kyle Palmieri is hit by Carlo Colaiacovo and loses puck.
14:56 of 2nd period - Robert Bortuzzo is hit by Kyle Palmieri and loses puck.
15:51 of 2nd period - Wrist shot by Charlie Coyle.
15:51 of 2nd period - Stopped by Roberto Luongo with a rebound.
16:22 of 2nd period - Icing by Keith Yandle.
16:23 of 2nd period - Jordan Staal wins face-off versus Kevin Hayes in Rangers zone.
17:39 of 2nd period - Slapshot by Paul Byron.
17:39 of 2nd period - Shot Misses the Net.
17:41 of 2nd period - Wrist shot by Paul Byron.
17:41 of 2nd period - Stopped by Roberto Luongo without a rebound.
17:42 of 2nd period - Kevin Hayes wins face-off versus Logan Couture in Rangers zone.
17:45 of 2nd period - Wrist shot by Jesper Fast.
17:45 of 2nd period - Shot Misses the Net.
18:27 of 2nd period - Off-side.
18:28 of 2nd period - Nick Spaling wins face-off versus Ryan Johansen in neutral zone.
18:51 of 2nd period - Slapshot by Keith Yandle.
18:51 of 2nd period - Shot Blocked by Nino Niederreiter.
19:10 of 2nd period - Slapshot by Keith Yandle.
19:10 of 2nd period - Deflect By Paul Byron.
19:10 of 2nd period - Stopped by Kevin Poulin with a rebound.
19:12 of 2nd period - Wrist shot by Brandon Manning.
19:12 of 2nd period - Shot Blocked by Kevin Hayes.
19:42 of 2nd period - Charlie Coyle is hit by Matt Martin and loses puck.
19:59 of 2nd period - Matt Martin is hit by Carlo Colaiacovo.
Goals for this period are 2 for Rangers vs 1 for Panthers.
Shots for this period are 14 for Rangers vs 10 for Panthers.

3rd period


0:01 of 3rd period - Logan Couture wins face-off versus Ryan Johansen in neutral zone.
0:35 of 3rd period - Minor Penalty to Kevin Shattenkirk for Tripping.
0:36 of 3rd period - Charlie Coyle wins face-off versus Zach Parise in Rangers zone.
1:10 of 3rd period - Wrist shot by Charlie Coyle.
1:10 of 3rd period - Shot Blocked by Brent Regner.
1:12 of 3rd period - Snap shot by Paul Byron.
1:12 of 3rd period - Stopped by Roberto Luongo with a rebound.
1:22 of 3rd period - Keith Yandle is hit by Robert Bortuzzo and loses puck.
1:39 of 3rd period - Snap shot by Kevin Hayes.
1:39 of 3rd period - Shot Misses the Net.
2:33 of 3rd period - Kevin Hayes is hit by Nathan Gerbe and loses puck.
2:35 of 3rd period - Penalty to Kevin Shattenkirk is over, Kevin Shattenkirk is back on ice.
3:59 of 3rd period - Wrist shot by Ryan Johansen.
3:59 of 3rd period - Stopped by Roberto Luongo with a rebound.
4:01 of 3rd period - Slapshot by Calvin de Haan.
4:01 of 3rd period - Shot Misses the Net.
4:03 of 3rd period - Slapshot by Calvin de Haan.
4:03 of 3rd period - Stopped by Roberto Luongo with a rebound.
4:05 of 3rd period - Slapshot by Ryan Johansen.
4:05 of 3rd period - Goal by Ryan Johansen - Rangers : 4 - Panthers : 4.
4:06 of 3rd period - Ryan Johansen wins face-off versus Zach Parise in neutral zone.
4:19 of 3rd period - Snap shot by Alex Galchenyuk.
4:19 of 3rd period - Shot Blocked by Brandon Manning.
4:52 of 3rd period - Snap shot by Kyle Palmieri.
4:52 of 3rd period - Shot Blocked by Ron Hainsey.
5:23 of 3rd period - Robert Bortuzzo is hit by David Moss and loses puck.
5:32 of 3rd period - Wrist shot by Kevin Shattenkirk.
5:32 of 3rd period - Deflect By Jesper Fast.
5:32 of 3rd period - Stopped by Kevin Poulin with a rebound.
5:36 of 3rd period - Snap shot by Nick Spaling.
5:36 of 3rd period - Stopped by Kevin Poulin with a rebound.
5:52 of 3rd period - Logan Couture is hit by Robert Bortuzzo and loses puck.
5:59 of 3rd period - Nikita Nikitin is hit by Robert Bortuzzo and loses puck.
7:00 of 3rd period - Ryan Johansen is hit by Matt Martin.
7:22 of 3rd period - Jesper Fast is hit by Jordan Staal.
7:45 of 3rd period - Minor Penalty to Kevin Hayes for Interference.
7:46 of 3rd period - Jordan Staal wins face-off versus Brad Boyes in Panthers zone.
7:47 of 3rd period - Slapshot by Keith Yandle.
7:47 of 3rd period - Stopped by Kevin Poulin with a rebound.
7:49 of 3rd period - Slapshot by Kevin Shattenkirk.
7:49 of 3rd period - Goal by Kevin Shattenkirk - Rangers : 5 - Panthers : 4.
7:50 of 3rd period - Charlie Coyle wins face-off versus Jay McClement in neutral zone.
8:19 of 3rd period - Slapshot by Kyle Palmieri.
8:19 of 3rd period - Stopped by Kevin Poulin with a rebound.
8:39 of 3rd period - Keith Yandle is hit by Brad Boyes and loses puck.
8:50 of 3rd period - Kevin Hayes is hit by Zach Parise and loses puck.
9:05 of 3rd period - Slapshot by Paul Byron.
9:05 of 3rd period - Shot Misses the Net.
10:06 of 3rd period - Snap shot by Alex Galchenyuk.
10:06 of 3rd period - Stopped by Roberto Luongo without a rebound.
10:07 of 3rd period - Ryan Johansen wins face-off versus Jay McClement in Rangers zone.
10:30 of 3rd period - Jay McClement is hit by Simon Despres and loses puck.
10:35 of 3rd period - Slapshot by Ryan Johansen.
10:35 of 3rd period - Stopped by Roberto Luongo with a rebound.
10:37 of 3rd period - Slapshot by Ryan Johansen.
10:37 of 3rd period - Shot Blocked by Kevin Shattenkirk.
10:49 of 3rd period - Snap shot by Ryan Johansen.
10:49 of 3rd period - Stopped by Roberto Luongo with a rebound.
11:19 of 3rd period - Snap shot by David Moss.
11:19 of 3rd period - Shot Misses the Net.
12:37 of 3rd period - Snap shot by Alex Galchenyuk.
12:37 of 3rd period - Stopped by Roberto Luongo without a rebound.
12:38 of 3rd period - Ryan Johansen wins face-off versus Jordan Staal in Rangers zone.
14:35 of 3rd period - Snap shot by Brad Boyes.
14:35 of 3rd period - Shot Misses the Net.
14:37 of 3rd period - Wrist shot by Jakob Silfverberg.
14:37 of 3rd period - Shot Blocked by Kevin Shattenkirk.
14:51 of 3rd period - Slapshot by Alex Galchenyuk.
14:51 of 3rd period - Shot Hit the Post.
14:53 of 3rd period - Wrist shot by Alex Galchenyuk.
14:53 of 3rd period - Stopped by Roberto Luongo with a rebound.
14:55 of 3rd period - Wrist shot by Calvin de Haan.
14:55 of 3rd period - Stopped by Roberto Luongo with a rebound.
14:57 of 3rd period - Minor Penalty to Keith Yandle for Roughing.
14:58 of 3rd period - Charlie Coyle wins face-off versus Zach Parise in Rangers zone.
15:56 of 3rd period - Snap shot by Brad Boyes.
15:56 of 3rd period - Deflect By Paul Byron.
15:56 of 3rd period - Deflect By Logan Couture.
15:56 of 3rd period - Shot Blocked by Brandon Manning.
15:56 of 3rd period - Puck is out of play.
15:57 of 3rd period - Charlie Coyle wins face-off versus Kyle Palmieri in Rangers zone.
16:16 of 3rd period - Kevin Shattenkirk is hit by Kevin Hayes and loses puck.
16:35 of 3rd period - Kevin Shattenkirk is hit by Charlie Coyle and loses puck.
16:46 of 3rd period - Snap shot by Brad Boyes.
16:46 of 3rd period - Shot Misses the Net.
16:48 of 3rd period - Backhand shot by Robert Bortuzzo.
16:48 of 3rd period - Deflect By Kevin Shattenkirk.
16:48 of 3rd period - Panthers goal is going for a video replay.
16:48 of 3rd period - The goal is refused. The puck has entered the net after making contact with an attacking player’s stick that is above the height of the crossbar..
16:49 of 3rd period - Charlie Coyle wins face-off versus Kyle Palmieri in Rangers zone.
16:57 of 3rd period - Penalty to Keith Yandle is over, Keith Yandle is back on ice.
17:08 of 3rd period - Icing by Brandon Manning.
17:09 of 3rd period - Zach Parise wins face-off versus Kevin Hayes in Rangers zone.
17:42 of 3rd period - David Moss is hit by Sean Bergenheim and loses puck.
18:01 of 3rd period - Matt Martin is hit by Charlie Coyle and loses puck.
18:12 of 3rd period - Minor Penalty to Matt Martin for Roughing.
18:13 of 3rd period - Kevin Hayes wins face-off versus Zach Parise in Rangers zone.
18:32 of 3rd period - Snap shot by Ryan Johansen.
18:32 of 3rd period - Shot Hit the Post.
19:18 of 3rd period - Simon Despres is hit by Brandon Manning and loses puck.
19:55 of 3rd period - Panthers, Kevin Poulin is pulled from the net.
Goals for this period are 1 for Rangers vs 1 for Panthers.
Shots for this period are 5 for Rangers vs 11 for Panthers.